Map: King's Cove LE

Players

Jacoby - Winner!

  • Race: Zerg Zerg
  • League: Silver
  • Spawn Location: 11:00

iPlayDefense

  • Race: Terran Terran
  • League: Silver
  • Spawn Location: 5:00

VOD

Have the link to the VOD?

Description

Time

  • Played on: April 13, 2025, 11:08 a.m.
  • Length: 21:59
Show
View Real Time Build Order
Export as new Build Order

Jacoby Zerg - Winner!

Build Orders: Hatch First, Swarm Host 

Get SALT Encoding   

  12  0:27  Hatchery  
  11  0:46  Spawning Pool  
  10  0:51  Drone  
  10  0:55  Drone  
  12  1:05  Overlord  
  12  1:37  Hatchery  
  12  1:39  Zergling x2  
  12  1:40  Zergling x2  
  12  1:44  Zergling x2  
  14  1:49  Zergling x2  
  15  1:55  Drone  
  15  1:58  Drone  
  17  2:15  Queen  
  17  2:19  Drone  
  20  2:23  Drone  
  20  2:28  Extractor  
  20  2:30  Drone  
  20  2:35  Drone  
  22  2:38  Drone  
  22  2:42  Drone  
  24  2:46  Drone  
  25  2:53  Overlord  
  25  3:02  Drone, Extractor  
  25  3:13  Queen  
  25  3:15  Drone  
  28  3:22  Drone  
  28  3:24  Extractor  
  28  3:25  Drone  
  30  3:27  Drone  
  30  3:31  Drone  
  31  3:37  Zergling x2  
  31  3:39  Zergling x2  
  33  3:42  Zergling x2  
  33  3:46  Drone  
  35  3:55  Metabolic Boost  
  35  4:04  Lair  
  35  4:05  Drone  
  35  4:07  Drone  
  37  4:30  Drone  
  38  4:32  Drone, Overlord  
  39  4:38  Roach Warren  
  39  4:40  Drone  
  39  4:46  Drone  
  39  4:47  Overlord  
  39  4:49  Extractor  
  39  4:53  Queen  
  41  5:04  Drone x3  
  44  5:07  Drone  
  44  5:10  Drone  
  46  5:26  Glial Reconstitution  
  46  5:34  Spire  
  45  5:38  Overlord, Evolution Chamber  
  45  5:40  Drone  
  45  5:47  Spore Crawler  
  44  5:59  Overseer  
  44  6:03  Spire  
  43  6:08  Drone x2  
  45  6:11  Overseer  
  45  6:14  Overlord  
  45  6:21  Zerg Melee Weapons Level 1  
  45  6:23  Drone  
  46  6:27  Overseer  
  46  6:29  Drone  
  47  6:38  Overseer  
  47  6:40  Spine Crawler  
  46  6:58  Nydus Network  
  46  7:00  Zerg Flyer Weapons Level 1  
  45  7:01  Overlord  
  45  7:03  Drone  
  45  7:05  Drone  
  45  7:07  Drone  
  48  7:09  Drone  
  48  7:13  Drone  
  48  7:15  Drone  
  51  7:17  Drone  
  51  7:19  Drone  
  53  7:23  Drone  
  53  7:26  Drone  
  53  7:28  Drone  
  56  7:30  Drone  
  57  7:39  Drone  
  57  7:40  Infestation Pit  
  57  7:41  Drone  
  58  7:48  Drone, Spore Crawler  
  58  7:50  Drone  
  59  7:52  Drone, Overlord  
  59  7:54  Drone  
  61  8:18  Overseer  
  61  8:19  Spine Crawler  
  60  8:22  Evolution Chamber  
  60  8:24  Drone  
  60  8:32  Drone x3, Spore Crawler x2  
  60  8:33  Spore Crawler  
  60  8:36  Hatchery  
  60  8:39  Spore Crawler, Overlord  
  58  8:41  Drone  
  58  8:42  Drone  
  58  8:43  Drone  
  58  8:44  Drone  
  58  8:45  Drone  
  58  8:46  Drone  
  58  8:47  Drone  
  65  8:50  Zerg Missile Weapons Level 1  
  65  9:09  Hatchery, Extractor  
  63  9:15  Drone x3, Extractor  
  63  9:16  Drone  
  63  9:17  Drone x2  
  68  9:20  Overseer  
  68  9:24  Overlord  
  68  9:25  Overlord  
  68  9:27  Drone  
  68  9:29  Drone  
  70  9:33  Roach  
  70  9:34  Roach x3  
  70  9:36  Roach  
  80  9:46  Spine Crawler  
  80  9:48  Spine Crawler, Drone  
  80  9:50  Drone  
  80  9:51  Spore Crawler, Drone  
  80  9:55  Overlord  
  80  9:58  Zergling x2  
  80  9:59  Zergling x2  
  82  10:02  Zergling x4  
  84  10:25  Zerg Melee Weapons Level 2  
  84  10:39  Evolution Chamber  
  83  10:43  Evolution Chamber  
  83  10:44  Zerg Ground Armor Level 1  
  83  10:45  Roach x3  
  83  10:48  Roach x3  
  94  11:05  Spore Crawler  
  94  11:06  Spore Crawler  
  92  11:13  Drone x2  
  92  11:14  Drone x6  
  92  11:15  Drone  
  92  11:18  Zerg Missile Weapons Level 2  
  101  11:22  Hive, Extractor  
  100  11:33  Spore Crawler  
  100  11:34  Spore Crawler  
  100  11:35  Spore Crawler  
  100  11:36  Overlord  
  100  11:37  Overlord  
  100  11:38  Overlord  
  97  11:40  Drone x3  
  100  12:05  Spore Crawler  
  100  12:06  Spine Crawler  
  100  12:07  Drone x3  
  100  12:08  Spine Crawler  
  100  12:09  Drone  
  100  12:10  Drone x7  
  100  12:11  Drone  
  100  12:15  Queen  
  111  12:19  Pneumatized Carapace  
  111  12:26  Zerg Flyer Weapons Level 2  
  111  12:29  Zerg Flyer Armor Level 1  
  111  12:32  Overlord  
  97  12:49  Roach x6  
  97  12:50  Roach x5  
  92  13:01  Roach x5  
  92  13:02  Roach x4  
  110  13:12  Roach x4  
  120  13:13  Roach  
  120  13:16  Ravager x5  
  120  13:17  Ravager x2  
  127  13:21  Swarm Host x2  
  127  13:27  Swarm Host x4  
  145  13:42  Overlord  
  145  13:43  Overlord x4  
  145  13:46  Zerg Missile Weapons Level 3  
  145  13:47  Zerg Ground Armor Level 2  
  131  14:27  Drone  
  131  14:28  Drone x7  
  131  14:29  Drone x2  
  141  14:33  Zergling x6  
  141  14:34  Zergling x14  
  141  14:35  Zergling x8  
  155  14:44  Spine Crawler x2  
  153  14:52  Spine Crawler  
  152  14:57  Spine Crawler, Swarm Host x2  
  152  14:58  Swarm Host  
  152  14:59  Overseer  
  160  15:07  Nydus Canal  
  160  15:18  Swarm Host x4  
  160  15:19  Swarm Host  
  175  15:54  Nydus Canal  
  175  16:06  Swarm Host x2  
  175  16:07  Swarm Host x3  
  190  16:46  Nydus Canal  
  190  17:10  Extractor  
  190  17:14  Extractor  
  190  17:15  Hatchery  
  187  17:43  Nydus Canal  
  167  18:05  Roach x6  
  146  18:06  Roach x7  
  146  18:07  Roach  
  143  18:35  Overlord x3  
  143  18:36  Overlord x4  
  143  18:37  Zergling x6  
  143  18:38  Zergling x4  
  148  18:48  Spine Crawler  
  147  18:51  Spine Crawler x2  
  147  18:52  Spine Crawler, Drone x4  
  147  18:53  Spine Crawler  
  147  18:59  Spore Crawler x2  
  147  19:02  Corruptor x7  
  151  19:03  Corruptor  
  143  19:31  Roach  
  134  19:32  Roach x7  
  134  19:33  Roach x4  
  144  20:04  Roach x4  
  144  20:05  Roach x6  
  144  20:06  Roach x4  
  172  20:16  Drone  
  172  20:17  Drone x5  
  178  20:46  Extractor  
  178  20:48  Hatchery  
  176  20:51  Extractor  
  175  21:02  Hatchery  
Show
View Real Time Build Order
Export as new Build Order

iPlayDefense Terran 

Build Orders:  

Get SALT Encoding   

  12  0:00  SCV  
  13  0:17  Supply Depot  
  13  0:21  Refinery  
  13  0:43  Barracks  
  13  0:57  Supply Depot  
  13  1:31  Barracks Reactor  
  13  1:32  Orbital Command  
  13  1:59  Command Center  
  13  2:13  Marine x2  
  15  2:24  SCV  
  15  2:32  Marine x2  
  17  2:44  Factory  
  17  3:07  SCV, Marine x2  
  20  3:13  Bunker  
  20  3:19  SCV  
  21  3:22  Orbital Command  
  21  3:28  Factory Tech Lab  
  21  3:47  Siege Tank  
  24  3:53  SCV x2  
  24  3:54  Marine x2  
  28  4:04  Supply Depot  
  28  4:12  Marine x2  
  30  4:26  SCV x2  
  30  4:27  Supply Depot  
  30  4:30  Marine x2  
  34  4:38  SCV  
  34  4:43  Refinery  
  35  4:50  Supply Depot  
  35  5:01  SCV x2  
  35  5:02  Marine x2  
  39  5:13  Supply Depot, SCV  
  40  5:19  Marine x2  
  42  5:27  Barracks  
  42  5:28  Barracks  
  42  5:36  SCV  
  42  5:38  SCV  
  44  5:43  Marine x2  
  44  5:48  SCV  
  47  5:51  Supply Depot  
  47  6:01  Marine x2  
  49  6:18  Starport  
  49  6:19  Barracks Tech Lab  
  49  6:25  Barracks Tech Lab  
  49  6:28  Bunker  
  49  6:34  Cyclone  
  52  6:48  SCV x2, Marine  
  52  6:49  Marine x3  
  58  6:57  Starport Reactor  
  58  7:00  SCV x2  
  60  7:02  Supply Depot  
  60  7:06  Marine, Cyclone  
  60  7:07  Marauder  
  66  7:10  Bunker  
  66  7:16  SCV  
  66  7:17  SCV, Marine x2  
  70  7:24  Marine  
  70  7:28  Marine  
  70  7:29  SCV  
  73  7:35  Marine  
  74  7:42  Supply Depot  
  74  7:55  Liberator  
  77  8:11  Siege Tank, Engineering Bay  
  80  8:18  SCV x2, Marine x4  
  86  8:30  SCV  
  86  8:33  Command Center  
  87  8:36  Marine  
  87  8:37  Marauder x2  
  87  8:38  Supply Depot  
  92  8:43  Siege Tank  
  92  8:45  Combat Shield, Terran Infantry Weapons Level 1, Armory  
  92  8:46  Stimpack  
  95  9:18  Refinery  
  95  9:19  Refinery  
  95  9:21  SCV x2, Marine x2  
  95  9:22  Marine x2  
  101  9:25  Siege Tank  
  101  9:30  Supply Depot  
  104  9:33  SCV  
  105  9:39  Marine, Missile Turret  
  105  9:40  Terran Vehicle Weapons Level 1, Marauder x2  
  110  9:50  Orbital Command  
  110  9:57  Siege Tank  
  110  9:58  SCV x2  
  110  9:59  Marine x2  
  117  10:01  Marine x2, Missile Turret  
  119  10:07  Medivac  
  119  10:08  Medivac  
  119  10:10  SCV  
  119  10:11  SCV  
  125  10:17  Marine  
  125  10:19  Supply Depot, Marauder x2  
  127  10:33  SCV x2, Marine  
  127  10:35  Marine  
  131  10:41  Marine, Thor, Marauder  
  140  10:45  SCV  
  141  11:23  Supply Depot  
  141  11:44  Marine x2, Marauder x2  
  147  11:53  Missile Turret  
  147  12:02  Marine x2  
  149  12:23  Orbital Command  
  149  12:41  Marine x2  
  149  12:42  Marine  
  145  13:00  Marauder  
  145  13:01  Marauder  
  148  13:09  SCV  
  149  13:27  Supply Depot  
  149  13:29  Supply Depot  
  149  13:32  Supply Depot  
  149  13:49  SCV, Marine, Marauder, Medivac x2  
  149  13:50  Marine x2, Thor  
  157  14:01  SCV  
  144  14:06  Marine  
  144  14:08  Marauder  
  142  14:11  Marauder  
  142  14:13  SCV x3  
  142  14:14  Marine  
  139  14:19  Viking, Medivac  
  139  14:21  Supply Depot  
  139  14:23  Supply Depot  
  129  14:24  Marine  
  129  14:25  Supply Depot, SCV x3  
  129  14:30  Marauder  
  135  14:31  Marine  
  135  14:32  Marine  
  135  14:33  Thor  
  143  14:49  Viking x2  
  143  14:50  Marauder  
  143  14:51  Marauder  
  151  15:01  SCV x3, Marine x2  
  156  15:11  Marauder  
  156  15:12  Marine  
  159  15:16  Thor  
  159  15:19  Viking x2  
  169  15:30  Marauder  
  169  15:32  Marauder  
  161  15:49  Viking, Medivac  
  165  15:58  Thor  
  171  16:18  Viking x2  
  175  16:30  Marine x4  
  172  16:41  Thor  
  178  16:48  Marauder, Viking x2  
  178  16:49  Marauder  
  186  17:10  Marauder  
  186  17:14  Marine x3  
  191  17:18  Viking x2  
  192  17:24  Thor  
  177  17:31  Marine  
  177  17:32  Marine  
  177  17:33  Marauder  
  173  17:48  Medivac x2  
  173  17:49  Marauder  
  179  17:54  Marauder  
  152  18:07  Thor  
  153  18:18  Medivac  
  138  18:26  SCV  
  87  18:38  SCV  
  88  18:50  SCV, Thor  
  96  19:02  SCV  
  96  19:14  SCV  
  87  19:26  Command Center  
  87  19:29  Marine x4  
  78  19:32  Thor  
  78  19:33  Viking  
  78  19:34  Viking  
  74  19:47  Marine  
  74  19:48  Refinery, Marauder x2  
  77  19:54  Refinery  
  75  20:03  Refinery  
  75  20:08  Supply Depot  
  75  20:09  Supply Depot  
  75  20:11  Refinery  
  75  20:15  Thor  
  81  20:25  Marine  
  81  20:26  Marine x3  
  85  20:43  Marine x4  
  89  20:56  Orbital Command  
  89  20:58  Thor  
  89  21:00  SCV x2  
  89  21:01  Marine x4  
  101  21:12  SCV  
  102  21:18  Marine  
  102  21:19  Marine x3  
  98  21:37  Marine x2  
Tags
 
Composition
Swarm Host
Matchup
TvZ
Replay Pack
DaveSC2
Spawn Locations
Cross Positions
Add a new tag
Caveats
  • Supply blocks, unpowered buildings, or Contaminate may cause inaccurate times.
  • Supply counts are checked every 10 seconds.